 Dungeon Crawl Stone Soup version 0.28-a0-1152-g9c71ebef14 (webtiles) character file.

Game seed: 9725657746769521581

59 ders the Digger (level 4, -1/24 HPs)
             Began as a Gargoyle Earth Elementalist on Dec 14, 2021.
             Slain by Crazy Yiuf (13 damage)
             ... on level 2 of the Dungeon.
             The game lasted 00:01:52 (2566 turns).

ders the Digger (Gargoyle Earth Elementalist)       Turns: 2566, Time: 00:01:53

Health: -1/24      AC:  5    Str: 11    XL:     4   Next: 3%
Magic:  4/8        EV: 11    Int: 18    God:
Gold:   131        SH:  0    Dex: 10    Spells: 4/8 levels left

rFire   + . .      SeeInvis .   i - +0 dagger
rCold   + . .      Faith    .   (no shield)
rNeg    + . .      Spirit   .   b - +0 robe
rPois   ∞          Reflect  .   (no helmet)
rElec   +          Harm     .   o - scarf {rC+ rF+}
rCorr   .          Rampage  .   (no gloves)
Will    .....                   (no boots)
Stlth   ++........              f - amulet of the acrobat
HPRegen 0.08/turn               (no ring)
MPRegen 0.11/turn               (no ring)

@: invisible
A: sickness immunity, AC +3, negative energy resistance 1, electricity
resistance, torment resistance 1, petrification resistance
a: no special abilities


You were on level 2 of the Dungeon.
You visited 1 branch of the dungeon, and saw 2 of its levels.

You collected 131 gold pieces.

Inventory:

Hand Weapons
 i - a +0 dagger (weapon)
Missiles
 c - 37 stones
Armour
 b - a +0 robe (worn)
 o - a scarf of resistance (worn)
Jewellery
 f - an amulet of the acrobat (around neck)
Scrolls
 d - 2 scrolls of teleportation {unknown}
 e - a scroll of enchant weapon {unknown}
 g - a scroll of identify {unknown}
 h - a scroll of immolation {unknown}
 j - a scroll of blinking {unknown}
 l - a scroll of noise {unknown}
 m - a scroll of torment {unknown}
Potions
 a - a potion of curing {unknown}
 k - a potion of heal wounds {unknown}
 n - a potion of haste {unknown}


   Skills:
 - Level 1.5 Dodging
 - Level 2.1 Stealth
 + Level 2.7 Spellcasting
 + Level 2.0 Conjurations
 - Level 0.7 Transmutations
 + Level 4.4 Earth Magic


You had 4 spell levels left.
You knew the following spells:

 Your Spells              Type           Power      Damage    Failure   Level
a - Sandblast             Erth           36%        2d10      2%          1
b - Stone Arrow           Conj/Erth      28%        3d8       13%         3

Your spell library contained the following spells:

 Spells                   Type           Power      Damage    Failure   Level
 Passwall                 Tmut/Erth      9%         N/A       9%          2
 Shock                    Conj/Air       24%        1d4       11%         1
 Wereblood                Tmut           5%         N/A       19%         2
 Swiftness                Air            2%         N/A       45%         3
 Petrify                  Tmut/Erth      11%        N/A       50%         4
 Airstrike                Air            1%         N/A       86%         4
 Summon Hydra             Summ           1%         N/A       100%        7
 Sublimation of Blood     Necr           Unusable   N/A       N/A         2

Dungeon Overview and Level Annotations

Branches:
Dungeon (2/15)

Altars:
Xom

Shops:
D:1 [

Annotations:
D:2 Crazy Yiuf


Innate Abilities, Weirdness & Mutations

You are immune to sickness and miasma.
Your stone body is resilient. (AC +3)
You are immune to poison.
You resist negative energy. (rN+)
You are resistant to electric shocks. (rElec)
You are resistant to unholy torment.
You are immune to petrification.


Message History

Things that are here:
a +0 mace; a +0 leather armour; an orc corpse You now have 121 gold pieces (gained 7).
You now have 131 gold pieces (gained 10).
Found a mace.
Found a runed translucent door.
Crazy Yiuf shouts!
Crazy Yiuf cries, "Flower!
Rot green sizzlefizz."
You see here 17 bolts.
Could not explore, unopened runed door.
This spell is quite dangerous to cast!
Memorise Stone Arrow, consuming 3 spell levels and leaving 4?
You start memorising the spell.
You continue memorising.
Crazy Yiuf laughs, "Flower!
Announcement shoe disdain."
You continue memorising.
Crazy Yiuf screams, "Buddy!"
You continue memorising.
You finish memorising.
Spell assigned to 'b'.
You open the door.
Casting: Sandblast (safe; 2% risk of failure)
Confirm with . or Enter, or press ? or * to list all spells.
Aiming: Stone Arrow (quite dangerous; 13% risk of failure)
Press: ? - help, Shift-Dir - straight line, f - Crazy Yiuf
Aim: Crazy Yiuf, wielding a +3 quarterstaff of chaos and wearing a +0 cloak (72% to hit)
The stone arrow misses Crazy Yiuf.
Crazy Yiuf cries, "Sif Muna!"
Crazy Yiuf hits you with a +3 quarterstaff of chaos!
Ouch! That really hurt!
You fade into invisibility!
Unknown command.
Casting: Stone Arrow (quite dangerous; 13% risk of failure)
Confirm with . or Enter, or press ? or * to list all spells.
Aiming: Sandblast (safe; 2% risk of failure)
Press: ? - help, Shift-Dir - straight line, f/p - Crazy Yiuf
Aim: Crazy Yiuf, wielding a +3 quarterstaff of chaos and wearing a +0 cloak (82% to hit)
The blast of sand hits Crazy Yiuf!
Crazy Yiuf is severely wounded.
Crazy Yiuf screams, "Candle fast foot!"
Crazy Yiuf hits you with a +3 quarterstaff of chaos!
Ouch! That really hurt!
You die...

#####.###########.##.#
#.....# #.##.# #.###.#
#....# #.# ### ######
#.# #.# #.##### ###
#...#.## ###..)#
#.....P####@g...#
##......#..##...#
##.#..#.### ###
######## ###
#.##################
#...................
####################


You could see Crazy Yiuf.

Vanquished Creatures
  Robin (D:2)
  2 worms (D:2)
  A dart slug (D:2)
  An orc (D:2)
  2 ball pythons (D:1)
  A bat (D:2)
  An endoplasm (D:2)
  A giant cockroach (D:1)
  12 goblins (D:2)
  4 hobgoblins
  2 kobolds (D:1)
  2 quokkas (D:2)
  2 frilled lizards (D:2)
  3 rats
35 creatures vanquished.

Notes
Turn   | Place    | Note
-------+----------+-------------------------------------------
     0 | D:1      | ders the Gargoyle Earth Elementalist began the quest for
                  | the Orb.
     0 | D:1      | Reached XP level 1. HP: 10/10 MP: 3/3
   532 | D:1      | Found Xuometec's Armour Shoppe.
   587 | D:1      | Reached XP level 2. HP: 15/15 MP: 1/5
   980 | D:2      | Reached skill level 1 in Conjurations
  1244 | D:2      | Reached skill level 4 in Earth Magic
  1406 | D:2      | Noticed Robin
  1430 | D:2      | Reached XP level 3. HP: 13/19 MP: 1/6
  1760 | D:2      | Killed Robin
  1999 | D:2      | Found a shimmering altar of Xom.
  2068 | D:2      | Reached XP level 4. HP: 24/24 MP: 5/8
  2117 | D:2      | Found a faded altar of an unknown god.
  2397 | D:2      | Found a runed translucent door.
  2398 | D:2      | Noticed Crazy Yiuf
  2564 | D:2      | Learned a level 3 spell: Stone Arrow
  2566 | D:2      | Slain by Crazy Yiuf

Illustrated notes

Levels and vault maps discovered:
D:1:      kennysheep_arrival_forest, layout_loops_corners, serial_shops,
          nicolae_lakefront_shop, minmay_misc_feat_rows
D:2:      layout_basic, basic_altar, shapermc_ecumenical_altar_mp_vishouse,
          uniq_robin, uniq_crazy_yiuf_cottage

Skill      XL: |  1  2  3 |
---------------+----------+-----
Conjurations   | 1 2 |  2.0
Earth Magic    | 4 |  4.4
Dodging        | |  1.5
Stealth        | |  2.1
Spellcasting   | |  2.7
Transmutations | |  0.7

Action                   |  1- 3 |  4- 6 || total
-------------------------+-------+-------++-------
Melee: Dagger            |    20 |       ||    20
 Cast: Sandblast         |    52 |     2 ||    54
       Stone Arrow       |       |     1 ||     1
Armor: Robe              |    11 |       ||    11
Dodge: Dodged            |    30 |       ||    30

Table legend: (Time is in decaauts)
 A = Elapsed time spent in this place.
 B = Non-inter-level travel time spent in this place.
 C = Inter-level travel time spent in this place.
 D = Time resting spent in this place.
 E = Time spent auto-exploring this place.
 F = Levels seen in this place.
 G = Mean time per level.
                   A        B        C        D        E       F      G
               +--------+--------+--------+--------+--------+-----+--------+
         Total |   2566 |   2510 |     56 |    290 |   1976 |   2 | 1283.0 |
       Dungeon |   2566 |   2510 |     56 |    290 |   1976 |   2 | 1283.0 |
               +--------+--------+--------+--------+--------+-----+--------+

Top non-repeatable levels by time:
     D:2: 1308 daAuts
     D:1: 1257 daAuts
